 Dungeon Crawl Stone Soup version 0.32-a0-872-g59262bdc9b (webtiles) character file.

Game seed: 16271890613765147469

22 KennySheep the Apothecary (level 2, -1/22 HPs)
             Began as a Naga Alchemist on Mar 30, 2024.
             Slain by a gnoll
             ... wielding a +0 club
              (5 damage)
             ... on level 2 of the Dungeon.
             The game lasted 00:04:23 (985 turns).

KennySheep the Apothecary (Naga Alchemist)           Turns: 985, Time: 00:04:23

Health: -1/22      AC:  1    Str: 10    XL:     2   Next: 91%
Magic:  1/5        EV:  8    Int: 15    God:
Gold:   51         SH:  0    Dex: 11    Spells: 2/5 levels left

rFire   . . .        c - +0 dagger (venom)
rCold   . . .        (no shield)
rNeg    . . .        a - +0 robe
rPois   +            (no helmet)
rElec   .            (no cloak)
rCorr   .            (no gloves)
SInv    +            (no barding)
Will    .....        (no amulet)
Stlth   ++           (no ring)
HPRegen 0.23/turn    (no ring)
MPRegen 0.09/turn

%: no passive effects
@: very slow
A: AC +0, large, see invisible, deformed body, poison resistance, slowness 2,
spit poison 1, naga tail 1
a: Spit Poison


You were on level 2 of the Dungeon.
You visited 1 branch of the dungeon, and saw 2 of its levels.

You collected 51 gold pieces.

Inventory:

Hand Weapons
 c - a +0 dagger of venom (weapon)
Armour
 a - a +0 robe (worn)
Potions
 b - a potion of magic


   Skills:
 - Level 1.5 Dodging
 - Level 3.0 Stealth
 + Level 2.2 Spellcasting
 - Level 1.4 Conjurations
 * Level 1.3 Fire Magic
 + Level 3.9 Alchemy


You had 2 spell levels left.
You knew the following spells:

 Your Spells              Type           Power      Damage    Failure   Level
a - Sting                 Conj/Alch      36%        1d5       7%          1
b - Blink                 Tloc           2%         N/A       32%         2

Your spell library contained the following spells:

 Spells                   Type           Power      Damage    Failure   Level
 Magic Dart               Conj           20%        1d4       12%         1
 Mercury Vapours          Alch/Air       14%        N/A       14%         2
 Call Imp                 Summ           2%         N/A       32%         2
 Mephitic Cloud           Conj/Alch/Air  7%         N/A       30%         3
 Olgreb's Toxic Radiance  Alch           13%        N/A       38%         4
 Sticky Flame             Fire/Alch      9%         2d5       58%         4
 Malign Gateway           Summ/Tloc      0%         N/A       100%        7
 Summon Horrible Things   Summ           0%         N/A       100%        8


Dungeon Overview and Level Annotations

Branches:
Dungeon (2/15)

Altars:


Innate Abilities, Weirdness & Mutations

Your serpentine skin is tough. (AC +0)
You have supernaturally acute eyesight. (SInv)
Armour fits poorly on your strangely shaped body.
Your system is resistant to poisons. (rPois)
You cover ground very slowly.
You can spit poison.
You have a snake-like lower body.


Message History

You kill the ball python!
Found 17 gold pieces.
The gnoll shouts!
You hear a shout! x2
A gnoll comes into view. It is wielding a +0 club.
The gnoll hits you but does no damage.
Casting: Sting (safe; 7% risk of failure)
Confirm with . or Enter, or press ? or * to list all spells.
Aiming: Sting (safe; 7% risk of failure)
Press: ? - help, Shift-Dir - straight line, f - gnoll
Aim: a gnoll, wielding a +0 club (72% to hit)
The sting hits the gnoll.
The gnoll is poisoned.
The gnoll is moderately wounded.
The gnoll hits you with a +0 club.
A gnoll comes into view. It is wielding a +0 whip.
Casting: Sting (safe; 7% risk of failure)
Confirm with . or Enter, or press ? or * to list all spells.
Aiming: Sting (safe; 7% risk of failure)
Press: ? - help, Shift-Dir - straight line, f/p - gnoll
Aim: a gnoll, wielding a +0 club (moderately wounded, poisoned, 72% to hit)
The sting hits the gnoll.
The gnoll looks even sicker.
The gnoll is heavily wounded.
The gnoll hits you with a +0 club.
Casting: Sting (safe; 7% risk of failure)
Confirm with . or Enter, or press ? or * to list all spells.
Aiming: Sting (safe; 7% risk of failure)
Press: ? - help, Shift-Dir - straight line, f/p - gnoll
Aim: a gnoll, wielding a +0 club (severely wounded, very poisoned, 72% to hit)
The sting misses the gnoll.
The gnoll hits you with a +0 club! The gnoll hits you with a +0 club.
* * * LOW HITPOINT WARNING * * *
Okay, then.
You aren't carrying any scrolls.
Unknown command.
Casting: Sting (safe; 7% risk of failure)
Confirm with . or Enter, or press ? or * to list all spells.
Aiming: Sting (safe; 7% risk of failure)
Press: ? - help, Shift-Dir - straight line, f - gnoll, p - gnoll
Aim: a gnoll, wielding a +0 club (72% to hit)
The sting misses the gnoll.
The gnoll hits you with a +0 club.
You die...

#..# #.....#.#
#... ###...#.#
#:.=##.......#
#..##.#..#..#
.#####.....#..#..#
....:.........#..#
##.##..##.##.....
#..##.# .#..##
#g@##.# .#..
#.g.....^#
#.g##.#### .... .#
##$.. ..### .. ###


You could see 3 gnolls.

Vanquished Creatures
  5 bats (D:1)
  An endoplasm (D:1)
  2 giant cockroaches (D:2)
  5 goblins (D:1)
  A quokka (D:1)
  2 ball pythons
  A frilled lizard (D:1)
  A kobold (D:1)
  3 rats (D:1)
21 creatures vanquished.

Notes
Turn   | Place    | Note
-------+----------+-------------------------------------------
     0 | D:1      | KennySheep the Naga Alchemist began the quest for the Orb.
     0 | D:1      | Reached XP level 1. HP: 15/15 MP: 3/3
   332 | D:1      | Reached XP level 2. HP: 22/22 MP: 3/5
   370 | D:1      | Learned a level 2 spell: Blink
   400 | D:1      | Reached skill level 1 in Fire Magic
   985 | D:2      | Slain by a gnoll

Illustrated notes

Levels and vault maps discovered:
D:1:      pf_arrival_petrified_forest, layout_loops_cross,
          amcnicky_mini_pool_small, minmay_misc_feat_alley, st_stairs_14,
          serial_bayou_pond_e
D:2:      minmay_kobold_bridge, layout_loops_ring, serial_shops,
          nicolae_shop_crystal, minmay_worlds_worst_comb,
          uniq_crazy_yiuf_cottage

Skill      XL: |  1  2 |
---------------+-------+-----
Fire Magic     | 1 |  1.3
Dodging        | |  1.5
Stealth        | |  3.0
Spellcasting   | |  2.2
Conjurations   | |  1.4
Alchemy        | |  3.9

Action                     || total
---------------------------++-------
  Melee: Unarmed           ||    14
         Dagger            ||     7
         Punch             ||     1
   Cast: Sting             ||    29
    Use: Scroll            ||     2
         Potion            ||     1
   Stab: Sleeping          ||     3
 Armour: Robe              ||    22
  Dodge: Dodged            ||    16

Table legend: (Time is in decaauts)
 A = Elapsed time spent in this place.
 B = Non-inter-level travel time spent in this place.
 C = Inter-level travel time spent in this place.
 D = Time resting spent in this place.
 E = Time spent auto-exploring this place.
 F = Levels seen in this place.
 G = Mean time per level.
                   A        B        C        D        E       F      G
               +--------+--------+--------+--------+--------+-----+--------+
         Total |   1232 |   1196 |     36 |      0 |   1030 |   2 |  616.0 |
       Dungeon |   1232 |   1196 |     36 |      0 |   1030 |   2 |  616.0 |
               +--------+--------+--------+--------+--------+-----+--------+

Top non-repeatable levels by time:
     D:1: 1196 daAuts
     D:2: 36 daAuts
